 Dungeon Crawl Stone Soup version 0.32-a0-540-g866d13106e (webtiles) character file.

Game seed: 1138527622015239356

8624 octoduck the Grappler (level 11, 0/107 HPs)
             Began as a Troll Fighter on Feb 28, 2024.
             Was an Initiate of Ignis.
             Slain by a very large slime creature (50 damage)
             ... on level 10 of the Dungeon.
             The game lasted 00:17:10 (8492 turns).

octoduck the Grappler (Troll Fighter)               Turns: 8492, Time: 00:17:11

Health: 0/107      AC: 12    Str: 26    XL:     11   Next: 12%
Magic:  10/10      EV: 11    Int:  4    God:    Ignis [......]
Gold:   511        SH: 10    Dex: 13    Spells: 10/10 levels left

rFire   + .          .
                       - Unarmed
rCold   . . .        b - +0 kite shield
rNeg    . . .        O - +3 troll leather armour {Snorg}
rPois   +            (helmet restricted)
rElec   .            v - +0 cloak {rPois}
rCorr   .            (gloves unavailable)
SInv    +            (boots unavailable)
Will    .....        (no amulet)
Stlth   +            e - +4 ring of slaying
HPRegen 1.97/turn    B - ring of see invisible
MPRegen 0.12/turn

%: no passive effects
@: mighty, corroded, fiery-armoured
A: large, unfitting armour, claws 3, regeneration 1, shaggy fur 1, tough skin 1
a: Renounce Religion, Rising Flame


You were on level 10 of the Dungeon.
You worshipped Ignis.
Ignis was noncommittal.
You visited 2 branches of the dungeon, and saw 11 of its levels.

You collected 511 gold pieces.

Inventory:

Missiles
 g - 16 poisoned darts (quivered)
 k - 16 boomerangs
 m - 3 large rocks
 J - 5 curare-tipped darts
Armour
 b - a +0 kite shield (worn)
 v - a +0 cloak of poison resistance (worn)
 O - a +3 troll leather armour (worn) {Snorg}
Jewellery
 e - a +4 ring of slaying (left claw)
 j - a ring of poison resistance
 t - a +6 ring of intelligence
 B - a ring of see invisible (right claw)
 P - a +6 ring of intelligence
Wands
 u - a wand of polymorph (16)
 C - a wand of quicksilver (7)
 F - a wand of charming (13)
 K - a wand of mindburst (3)
 L - a wand of flame (15)
 M - a wand of iceblast (3)
Scrolls
 d - 2 scrolls of immolation
 f - 3 scrolls of teleportation
 h - 2 scrolls of torment
 i - a scroll of vulnerability
 l - 3 scrolls of fog
 o - a scroll of noise
 r - a scroll of butterflies {unknown}
 y - 2 scrolls of silence {unknown}
 z - 2 scrolls of blinking {unknown}
 E - 2 scrolls of poison {unknown}
 H - 2 scrolls of enchant armour {unknown}
 N - a scroll of fear {unknown}
Potions
 c - a potion of might
 n - a potion of cancellation
 p - a potion of mutation {unknown}
 q - 2 potions of curing
 s - a potion of enlightenment
 w - 2 potions of attraction
 x - a potion of invisibility {unknown}
 A - a potion of brilliance {unknown}
 D - 2 potions of lignification {unknown}
 G - 2 potions of magic {unknown}
 I - 2 potions of haste {unknown}


   Skills:
 + Level 6.9 Fighting
 + Level 7.0 Dodging
 + Level 7.7 Shields
 * Level 11.2 Unarmed Combat


You had 10 spell levels left.
You didn't know any spells.
Your spell library contained the following spells:

 Spells                   Type           Power      Damage    Failure   Level
 Leda's Liquefaction      Alch/Erth      0%         N/A       100%        4
 Lee's Rapid Deconstruct  Erth           0%         3d4*      100%        5
 Bombard                  Conj/Erth      0%         9d1       100%        6


Dungeon Overview and Level Annotations

Branches:
Dungeon (10/15)            Temple (1/1) D:7             Orc (0/2) D:9
   Lair: D:8-11

Altars:
Ashenzari
Cheibriados
Dithmenos
Elyvilon
Fedhas
Gozag
Hepliaklqana
Kikubaaqudgha
Makhleb
Nemelex Xobeh
Okawaru
Qazlal
Ru
Sif Muna
Trog
Uskayaw
Vehumet
Wu Jian
Xom
Yredelemnul
Zin
The Shining One
Ignis
Jiyva

Shops:
D:9 :*


Innate Abilities, Weirdness & Mutations

You are too large for most types of armour.
You have claws for hands.
Your natural rate of healing is unusually fast.
You are covered in fur. (AC +1)
You have tough skin. (AC +1)


Message History

Activating: Foxfire Swarm
Press: ? - help, Dir - look around, f - activate Flames leap up around you!
You can no longer armour yourself in flame.
You can no longer call a swarm of foxfires against your foes.
You block the slime creature's attack.
You block the large slime creature's attack.
Your foxfire dissipates!
The foxfire hits the slime creature!
The slime creature is moderately wounded.
The foxfire hits the slime creature.
The slime creature is heavily wounded.
The foxfire hits the slime creature but does no damage.
The slime creature is heavily wounded.
The foxfire hits the large slime creature.
The large slime creature is lightly wounded.
The foxfire hits the slime creature.
The slime creature is heavily wounded.
The foxfire hits the slime creature.
The slime creature is heavily wounded.
A large slime creature splits.
Unknown command.
You scratch the slime creature.
The slime creature is severely wounded.
The slime creature hits you.
The slime creature is burned by your cloak of flames.
The slime creature is severely wounded.
Two slime creatures merge to form a large slime creature.
You mangle the large slime creature!!
The large slime creature is heavily wounded.
You claw the large slime creature!
The large slime creature is severely wounded.
Two slime creatures merge to form a very large slime creature.
Your foxfire dissipates!
The foxfire hits the very large slime creature.
The very large slime creature is heavily wounded.
Okay, then.
The very large slime creature hits you!!!
You die...
Ignis goes out, and joins you in death.

#.# #.........#.#.####.#.#
#.###...........#.# #.#.#
#.....####.######.####.#.#
###.### #.....#####...#.#
#.# #######...#####.# #.#
#ยง.#.....# #.. #.#
####..'.....?##### #.#
#.J...'....!_#....
#.#####@##..'.....$#####
#.......##v.#.....#
#######.######...## #.#
#### #.# #### #.#
###########... #.#
#.[.........##
#.###.########### #.....#


You could see a very large slime creature.

Vanquished Creatures
  Snorg (D:10)
  The ghost of Triskal the Mimic, a novice TrSh (D:10)
  A two-headed ogre (D:10)
  A wraith (D:9)
  3 wyverns
  6 yaks (D:10)
  Grum (D:8)
  Edmund (D:6)
  4 water moccasins
  Duvessa (D:6)
  3 ice beasts
  8 orc warriors
  2 sky beasts (D:7)
  A black bear (D:3)
  2 ogres
  4 wolves (D:8)
  4 centaurs
  2 phantoms
  6 bullfrogs
  3 scorpions
  11 wights
  Dowan (D:6)
  3 killer bees (D:10)
  2 howler monkeys (D:6)
  A bombardier beetle (D:6)
  4 orc priests
  3 hounds
  4 jellies (D:10)
  3 iguanas
  10 orc wizards
  5 adders
  A shadow imp (D:7)
  2 white imps
  13 dart slugs
  2 ribbon worms (D:2)
  34 orcs
  4 ball pythons
  3 bats
  7 endoplasms
  3 giant cockroaches
  5 goblins
  5 hobgoblins
  3 jackals (D:1)
  6 kobolds
  5 quokkas
  A frilled lizard (D:1)
  4 rats
200 creatures vanquished.

Vanquished Creatures (collateral kills)
  A wight (D:9)
1 creature vanquished.

Vanquished Creatures (others)
  A wight (D:9)
  37 foxfires (D:10)
38 creatures vanquished.

Grand Total: 239 creatures vanquished

Notes
Turn   | Place    | Note
-------+----------+-------------------------------------------
     0 | D:1      | octoduck the Troll Fighter began the quest for the Orb.
     0 | D:1      | Reached XP level 1. HP: 22/22 MP: 0/0
   148 | D:1      | Reached XP level 2. HP: 28/29 MP: 1/1
   691 | D:2      | Found a faded altar of an unknown god.
   746 | D:2      | Reached XP level 3. HP: 36/36 MP: 2/2
   779 | D:2      | Prayed at the altar of an unknown god.
   779 | D:2      | Became a worshipper of Ignis, the Dying Flame
   876 | D:2      | Found an ornate altar of the Wu Jian Council.
  1056 | D:3      | Reached skill level 3 in Unarmed Combat
  1089 | D:3      | Reached XP level 4. HP: 43/44 MP: 3/3
  1120 | D:3      | Noticed a black bear
  1127 | D:3      | Killed a black bear
  1128 | D:3      | Reached XP level 5. HP: 45/53 MP: 4/4
  1444 | D:3      | Reached skill level 4 in Unarmed Combat
  1590 | D:3      | Identified the +4 ring mail of Absence {rCorr}
  2764 | D:5      | Entered Level 5 of the Dungeon
  2828 | D:5      | Reached XP level 6. HP: 45/61 MP: 5/5
  3419 | D:5      | Noticed a water moccasin
  3425 | D:5      | Killed a water moccasin
  3462 | D:5      | Reached skill level 5 in Unarmed Combat
  3462 | D:5      | Reached XP level 7. HP: 67/67 MP: 6/6
  3658 | D:5      | Found a sacrificial altar of Ru.
  3667 | D:5      | Found a hide-covered altar of Uskayaw.
  3844 | D:6      | Noticed Edmund
  3860 | D:6      | Killed Edmund
  3868 | D:6      | Reached skill level 6 in Unarmed Combat
  3884 | D:6      | Reached XP level 8. HP: 65/78 MP: 7/7
  4055 | D:6      | Noticed Duvessa
  4059 | D:6      | Noticed Dowan
  4068 | D:6      | Killed Duvessa
  4069 | D:6      | Killed Dowan
  4223 | D:6      | Reached skill level 5 in Shields
  4267 | D:6      | Reached skill level 7 in Unarmed Combat
  4385 | D:6      | Found a glowing golden altar of the Shining One.
  4598 | D:7      | Reached skill level 5 in Dodging
  4608 | D:7      | Reached skill level 5 in Fighting
  4608 | D:7      | Reached XP level 9. HP: 77/88 MP: 8/8
  4636 | D:7      | Reached skill level 8 in Unarmed Combat
  5432 | D:7      | Found a staircase to the Ecumenical Temple.
  5438 | Temple   | Entered the Ecumenical Temple
  5649 | D:8      | Reached skill level 9 in Unarmed Combat
  5680 | D:8      | Found a shadowy altar of Dithmenos.
  5715 | D:8      | Found a shimmering altar of Xom.
  5889 | D:8      | Reached XP level 10. HP: 91/98 MP: 9/9
  6170 | D:8      | Noticed Grum
  6188 | D:8      | Killed Grum
  6650 | D:9      | Found Hyas's Book Shoppe.
  6668 | D:9      | Found a shimmering blue altar of Sif Muna.
  6697 | D:9      | Found Zin's Purification Station.
  6764 | D:9      | Found a glowing silver altar of Zin.
  7009 | D:9      | Reached skill level 10 in Unarmed Combat
  7193 | D:9      | Found a staircase to the Orcish Mines.
  7492 | D:10     | Entered Level 10 of the Dungeon
  7603 | D:10     | Noticed Snorg
  7638 | D:10     | Killed Snorg
  7706 | D:10     | Noticed a two-headed ogre
  7725 | D:10     | Killed a two-headed ogre
  8024 | D:10     | Found a runed translucent gate.
  8024 | D:10     | Found a runed translucent gate.
  8025 | D:10     | Found a runed translucent gate.
  8028 | D:10     | Noticed Triskal's ghost (novice TrSh)
  8221 | D:10     | Reached skill level 11 in Unarmed Combat
  8228 | D:10     | Reached XP level 11. HP: 100/107 MP: 10/10
  8469 | D:10     | Found a viscous altar of Jiyva.
  8482 | D:10     | Killed Triskal's ghost
  8492 | D:10     | Slain by a very large slime creature

Illustrated notes

Levels and vault maps discovered:
D:1:      dpeg_arrival_erosion, layout_rooms
D:2:      layout_rooms, chequers_ecumenical_altar_simple_redux, basic_altar,
          chequers_serial_rivers_micro_c
D:3:      kennysheep_slugbush, layout_basic, hex_large
D:4:      layout_cave_pods
D:5:      layout_layer_cave, mainiacjoe_overflow_swirl
D:6:      layout_basic, kennysheep_mini, uniq_edmund, uniq_duvessa
D:7:      minmay_thinvault, layout_basic, minmay_temple_entry_fiery
D:8:      layout_gridville, xom_teletrap_fun, mainiacjoe_overflow_alcove_1,
          minmay_misc_feat_four_crosses, uniq_grum
D:9:      layout_gridville, lemuel_round_altar, zin_purify, david_orc_3,
          serial_shops, shop, kennysheep_generic_room_12
D:10:     layout_loops_ring, gammafunk_ghost_ooze, uniq_snorg
Temple:   nicolae_temple_bog_church

Skill      XL: |  1  2  3  4  5  6  7  8  9 10 11 |
---------------+----------------------------------+-----
Shields        | 3 4 5 6 7 |  7.7
Unarmed Combat | 3 4 5 6 7 9 11 | 11.2
Fighting       | 3 4 5 6 |  6.9
Dodging        | 3 4 5 6 7 |  7.0

Action                     |  1- 3 |  4- 6 |  7- 9 | 10-12 || total
---------------------------+-------+-------+-------+-------++-------
  Melee: Unarmed           |    88 |    82 |   180 |   164 ||   514
  Throw: Large rock        |       |     1 |       |       ||     1
 Invoke: Fiery Armour      |       |     1 |     1 |     4 ||     6
         Foxfire Swarm     |       |       |       |     4 ||     4
  Evoke: Wand              |       |       |       |     2 ||     2
    Use: Scroll            |       |     7 |     3 |     1 ||    11
         Potion            |       |       |       |     1 ||     1
   Stab: Sleeping          |       |       |       |     1 ||     1
 Armour: Robe              |    62 |    49 |    84 |    70 ||   265
         Troll leather arm |       |       |       |    40 ||    40
         Skin              |       |       |       |     2 ||     2
  Dodge: Dodged            |    26 |    34 |    56 |    56 ||   172
  Block: Kite shield       |    35 |    36 |    73 |    72 ||   216

Table legend: (Time is in decaauts)
 A = Elapsed time spent in this place.
 B = Non-inter-level travel time spent in this place.
 C = Inter-level travel time spent in this place.
 D = Time resting spent in this place.
 E = Time spent auto-exploring this place.
 F = Levels seen in this place.
 G = Mean time per level.
                   A        B        C        D        E       F      G
               +--------+--------+--------+--------+--------+-----+--------+
         Total |   8477 |   8118 |    359 |   1230 |   5351 |  11 |  770.6 |
       Dungeon |   8475 |   8116 |    359 |   1230 |   5351 |  10 |  847.5 |
        Temple |      1 |      1 |      0 |      0 |      0 |   1 |    1.0 |
               +--------+--------+--------+--------+--------+-----+--------+

Top non-repeatable levels by time:
     D:7: 1120 daAuts
     D:5: 1080 daAuts
     D:8: 1059 daAuts
     D:3: 1007 daAuts
    D:10: 991 daAuts
     D:9: 840 daAuts
     D:4: 709 daAuts
     D:1: 645 daAuts
     D:6: 611 daAuts
     D:2: 408 daAuts
  Temple: 1 daAuts
